AoeStats
← JustSulls

MegaRandom

504646387Analyzed
2v2 RM · 26d ago on Sep 6, 2026· 72m 42s· 4 players
Game mode
Random Map
Map size
Medium (4 player)
Population
200
Speed
Normal
Resources
Standard
Victory
Conquest
Starting age
Dark Age
Ending age
Imperial Age
RankedLock teamsTeams togetherTeam positionsShared explorationLock speedFull tech treeHidden civsTurbo modeCheats
Victory
Defeat
🇵🇭 Poles · Philippines
1079
+14
🇵🇭 Slavs · Philippines
1078
+14
🇺🇸 Bengalis · United States
1048
-14
🇺🇸 Franks · United States
1025
-14
michalbbaca23
3:15 Loom
12:36 Feudal Age
13:54 Double-Bit Axe
16:37 Castle Age
15:12 Gold Mining
17:02 Scale Barding Armor
19:33 Husbandry
27:39 Wheelbarrow
31:37 Hand Cart
33:06 Town Watch
39:41 Imperial Age
37:26 Forging
37:47 Fletching
37:57 Padded Archer Armor
41:22 Conscription
41:35 Bodkin Arrow
42:05 Cavalier
45:10 Ballistics
51:17 Chain Barding Armor
51:32 Iron Casting
54:56 Paladin
56:40 Plate Barding Armor
60:07 Blast Furnace
64:31 Light Cavalry
JustSulls
10:23 Feudal Age
8:39 Loom
14:28 Horse Collar
14:34 Double-Bit Axe
16:10 Bloodlines
17:12 Scale Barding Armor
17:54 Forging
22:50 Castle Age
23:25 Man-at-Arms
24:07 Scale Mail Armor
25:40 Wheelbarrow
26:23 Gold Mining
27:36 Bow Saw
30:15 Heavy Plow
30:49 Fletching
33:13 Fishing Lines
33:27 Town Watch
34:59 Husbandry
35:27 Sanctity
35:51 Chain Barding Armor
35:37 Gillnets
37:58 Padded Archer Armor
40:00 Hand Cart
39:46 Town Patrol
43:57 Imperial Age
42:24 Bodkin Arrow
43:06 Stone Mining
43:51 Gold Shaft Mining
45:00 Iron Casting
44:40 Leather Archer Armor
45:19 Plate Barding Armor
44:20 Elite Battle Elephant
45:15 Arson
46:30 Ballistics
47:10 Chemistry
48:09 Block Printing
48:05 Redemption
48:00 Bracer
54:39 Caravan
56:38 Masonry
56:24 Murder Holes
56:35 Siege Engineers
56:17 Light Cavalry
58:07 Elite Skirmisher
60:10 Crop Rotation
59:33 Pikeman
60:00 Gambesons
60:15 Squires
60:32 Chain Mail Armor
63:45 Guard Tower
63:41 Arrowslits
64:49 Halberdier
71:06 Blast Furnace
Sthreesixseven
5:17 Loom
11:28 Feudal Age
20:34 Castle Age
19:26 Bloodlines
19:22 Scale Barding Armor
19:28 Forging
20:15 Stone Mining
20:07 Horse Collar
20:14 Double-Bit Axe
22:16 Heavy Plow
24:06 Wheelbarrow
25:07 Forging
25:28 Husbandry
26:44 Bow Saw
29:41 Chain Barding Armor
32:00 Hand Cart
32:39 Szlachta Privileges
34:56 Gold Mining
35:43 Stone Shaft Mining
40:13 Imperial Age
40:19 Iron Casting
42:17 Conscription
43:01 Blast Furnace
41:31 Cavalier
44:40 Lechitic Legacy
44:56 Hoardings
45:36 Chemistry
44:17 Treadmill Crane
44:57 Ballistics
44:47 Masonry
44:43 Siege Engineers
44:40 Town Watch
45:38 Crop Rotation
44:40 Pikeman
45:13 Fletching
45:24 Padded Archer Armor
45:24 Scale Mail Armor
47:08 Light Cavalry
47:46 Winged Hussar
49:23 Bodkin Arrow
51:12 Murder Holes
59:53 Squires
64:01 Bracer
asashikashi
5:25 Loom
11:15 Feudal Age
11:57 Double-Bit Axe
12:05 Horse Collar
16:07 Fletching
20:27 Castle Age
21:21 Bodkin Arrow
21:39 Bloodlines
21:14 Pikeman
27:31 Scale Barding Armor
29:48 Detinets
30:12 Husbandry
35:41 Heavy Plow
39:08 Wheelbarrow
40:23 Squires
43:37 Imperial Age
43:31 Chain Barding Armor
43:33 Stone Mining
44:14 Forging
44:25 Hand Cart
43:55 Town Watch
43:46 Elite Boyar
44:53 Conscription
45:15 Plate Barding Armor
45:11 Masonry
46:03 Chemistry
45:42 Iron Casting
45:38 Bow Saw
46:31 Hoardings
46:11 Halberdier
65:20 Blast Furnace
69:34 Man-at-Arms
70:18 Scale Mail Armor
71:56 Chain Mail Armor
71:14 Long Swordsman
72:25 Two-Handed Swordsman
Connection lost

Rejoining the realm…

Still unreachable

The connection could not be restored.

Session expired

The server has moved on; the page needs a fresh start.